 Dungeon Crawl Stone Soup version 0.31-a0-5-g84e6b3452c (webtiles) character file.

Game seed: 5739476861375453646

137 Essalna the Firebug (level 5, 0/27 HPs)
             Began as a Tengu Fire Elementalist on May 5, 2023.
             Succumbed to an adder's poison
             ... on level 3 of the Dungeon.
             The game lasted 00:05:09 (3286 turns).

Essalna the Firebug (Tengu Fire Elementalist)       Turns: 3286, Time: 00:05:10

Health: 0/27       AC:  2    Str:  8    XL:     5   Next: 20%
Magic:  7/9        EV: 14    Int: 18    God:
Gold:   139        SH:  0    Dex: 14    Spells: 1/8 levels left

rFire   . . .        g - +1 rapier (venom)
rCold   . . .        (no shield)
rNeg    . . .        a - +0 robe
rPois   .            (helmet restricted)
rElec   .            (no cloak)
rCorr   .            (no gloves)
SInv    .            (boots unavailable)
Will    .....        (no amulet)
Stlth   ++           k - ring of wizardry
HPRegen 0.24/turn    (no ring)
MPRegen 0.11/turn

%: wizardry (x1)
@: lethally poisoned (0 -> -12), flying quickly and evasively, quick
A: beak, talons 3, nimble flight, frail 1, mutation resistance 1, screaming 1,
inability to read after injury 1
a: no special abilities


You were on level 3 of the Dungeon.
You visited 1 branch of the dungeon, and saw 3 of its levels.

You collected 139 gold pieces.

Inventory:

Hand Weapons
 g - a +1 rapier of venom (weapon)
Armour
 a - a +0 robe (worn)
Jewellery
 k - a ring of wizardry (left hand)
Scrolls
 c - a scroll of blinking
 d - 3 scrolls of identify
 l - a scroll of amnesia {unknown}
Potions
 b - a potion of magic
 e - a potion of cancellation
 f - a potion of degeneration
 h - a potion of attraction {unknown}
 i - a potion of heal wounds {unknown}
 j - a potion of mutation


   Skills:
 + Level 2.5 Fighting
 - Level 2.1 Dodging
 - Level 2.0 Stealth
 - Level 2.0 Spellcasting
 + Level 3.7 Conjurations
 + Level 4.5 Fire Magic


You had one spell level left.
You knew the following spells:

 Your Spells              Type           Power      Damage    Failure   Level
a - Foxfire               Conj/Fire      64%        2x1d7     1%          1
b - Scorch                Fire           36%        2d7       1%          2
c - Flame Wave            Conj/Fire      16%        2d7       13%         4

Your spell library contained the following spells:

 Spells                   Type           Power      Damage    Failure   Level
 Inner Flame              Hex/Fire       9%         N/A       9%          3
 Volatile Blastmotes      Fire/Tloc      18%        2d11      9%          3
 Ensorcelled Hibernation  Hex/Ice        2%         N/A       11%         2
 Dazzling Flash           Conj/Hex       16%        N/A       11%         3
 Spider Form              Tmut/Pois      1%         N/A       21%         3
 Anguish                  Hex/Necr       0%         N/A       54%         4
 Agony                    Necr           1%         N/A       86%         5
 Silence                  Hex/Air        0%         N/A       86%         5


Dungeon Overview and Level Annotations

Branches:
Dungeon (3/15)

Altars:
Nemelex Xobeh

Shops:
D:3 (*


Innate Abilities, Weirdness & Mutations

You have a beak for a mouth.
You have claws for feet.
Your magical nature lets you fly swiftly and evasively.
You are frail. (-10% HP)
You are somewhat resistant to further mutation.
You occasionally shout uncontrollably at your foes.
You occasionally lose the ability to read scrolls when taking damage.


Message History

You feel sick.
The foxfire hits the adder but does no damage.
The adder is moderately wounded.
The adder bites you.
You are more poisoned.
The adder poisons you! The adder closely misses you. The adder bites you.
You are lethally poisoned!
The adder poisons you!
Casting: Foxfire (safe; 1% risk of failure)
Confirm with . or Enter, or press ? or * to list all spells.
You conjure some foxfire!
You feel very sick. The adder closely misses you.
The adder bites you but does no damage. The adder misses you.
You miss the adder. You claw the adder.
The adder is severely wounded.
You feel very sick.
The foxfire hits the adder.
The adder is heavily wounded.
The adder barely misses you. The adder closely misses you.
The adder barely misses you.
You barely miss the adder. Your kick misses the adder.
The adder is severely wounded.
* * * LOW HITPOINT WARNING * * *
You feel very sick. The adder bites you but does no damage.
The adder barely misses you. The adder bites you.
* * * LOW HITPOINT WARNING * * *
You are more poisoned.
The adder poisons you!
It was a potion of cancellation.
You feel magically purged.
* * * LOW HITPOINT WARNING * * *
You feel very sick. The adder barely misses you. The adder bites you.
* * * LOW HITPOINT WARNING * * *
It was a potion of mutation.
You feel extremely strange.
You feel the urge to shout.
You occasionally lose the ability to read scrolls when taking damage.
You feel frail.
You feel genetically stable.
You die...

#.#
#####.########
.............#
############.#
#.# #.##
#..### ##...##
###S@# ##S#
.... #.....
#....~~#
...#~~##
...#~~#
#..:#~~#


You could see 2 adders.

Vanquished Creatures
  Natasha (D:3)
  4 adders (D:2)
  An ufetubus (D:3)
  2 worms (D:2)
  2 dart slugs
  7 ball pythons
  8 bats
  2 endoplasms
  3 giant cockroaches (D:1)
  4 hobgoblins
  4 jackals (D:1)
  5 quokkas
  A frilled lizard (D:2)
  8 kobolds
  7 rats
59 creatures vanquished.

Vanquished Creatures (others)
  181 foxfires
181 creatures vanquished.

Grand Total: 240 creatures vanquished

Notes
Turn   | Place    | Note
-------+----------+-------------------------------------------
     0 | D:1      | Essalna the Tengu Fire Elementalist began the quest for the
                  | Orb.
     0 | D:1      | Reached XP level 1. HP: 10/10 MP: 4/4
   303 | D:1      | Reached XP level 2. HP: 6/16 MP: 0/6
   515 | D:1      | Reached skill level 1 in Fighting
   660 | D:1      | Reached XP level 3. HP: 19/20 MP: 2/7
  1491 | D:2      | Reached skill level 4 in Fire Magic
  1633 | D:2      | Reached XP level 4. HP: 21/26 MP: 5/8
  2194 | D:2      | Learned a level 2 spell: Scorch
  2199 | D:2      | Learned a level 4 spell: Flame Wave
  2284 | D:2      | Found a sparkling altar of Nemelex Xobeh.
  3007 | D:3      | Identified a scroll of acquirement
  3007 | D:3      | Acquired a +1 rapier of venom
  3054 | D:3      | Found Janysoh's General Store.
  3068 | D:3      | Found Toqirghia's Weapon Emporium.
  3122 | D:3      | Found a sparkling altar of Nemelex Xobeh.
  3160 | D:3      | Noticed Natasha
  3166 | D:3      | Killed Natasha
  3167 | D:3      | Gained mutation: Your magical nature lets you fly swiftly
                  | and evasively. [Tengu growth]
  3167 | D:3      | Reached XP level 5. HP: 29/31 MP: 6/9
  3286 | D:3      | Gained mutation: You occasionally shout uncontrollably at
                  | your foes. [potion of mutation]
  3286 | D:3      | Gained mutation: You occasionally lose the ability to read
                  | scrolls when taking damage. [potion of mutation]
  3286 | D:3      | Gained mutation: You are frail. (-10% HP) [potion of
                  | mutation]
  3286 | D:3      | Gained mutation: You are somewhat resistant to further
                  | mutation. [potion of mutation]
  3286 | D:3      | Succumbed to an adder's poison

Illustrated notes

Levels and vault maps discovered:
D:1:      lightli_arrival_quake, layout_basic
D:2:      minmay_spotlight, layout_basic, basic_altar, corner_web_ring
D:3:      layout_loops_ring, mainiacjoe_overflow_tiny_flanked,
          cheibrodos_sewer_entry_bend, serial_shops, shop, shop_statue,
          nicolae_shop_behind_doors, kennysheep_nub,
          dreamdust_princess_corridor, uniq_natasha

Skill      XL: |  1  2  3  4 |
---------------+-------------+-----
Conjurations   | 2 3 |  3.7
Fighting       | 1 2 |  2.5
Fire Magic     | 4 |  4.5
Dodging        | |  2.1
Stealth        | |  2.0
Spellcasting   | |  2.0

Action                     |  1- 3 |  4- 6 || total
---------------------------+-------+-------++-------
  Melee: Unarmed           |    22 |    13 ||    35
         Kick              |     3 |     5 ||     8
         Peck              |     1 |     3 ||     4
         Rapier            |       |    11 ||    11
   Cast: Foxfire           |    61 |    48 ||   109
    Use: Scroll            |     2 |     3 ||     5
         Potion            |       |     2 ||     2
   Stab: Sleeping          |       |     1 ||     1
 Armour: Robe              |     5 |     3 ||     8
  Dodge: Dodged            |    32 |    28 ||    60

Table legend: (Time is in decaauts)
 A = Elapsed time spent in this place.
 B = Non-inter-level travel time spent in this place.
 C = Inter-level travel time spent in this place.
 D = Time resting spent in this place.
 E = Time spent auto-exploring this place.
 F = Levels seen in this place.
 G = Mean time per level.
                   A        B        C        D        E       F      G
               +--------+--------+--------+--------+--------+-----+--------+
         Total |   3278 |   3160 |    118 |      0 |   2767 |   3 | 1092.7 |
       Dungeon |   3278 |   3160 |    118 |      0 |   2767 |   3 | 1092.7 |
               +--------+--------+--------+--------+--------+-----+--------+

Top non-repeatable levels by time:
     D:2: 1651 daAuts
     D:1: 1350 daAuts
     D:3: 276 daAuts
